 Dungeon Crawl Stone Soup version 0.20-a0-270-g8e735b6 (webtiles) character file.

21216 Faca the Cleaver (level 13, -6/101 HPs)
             Began as a Formicid Fighter on Dec 10, 2016.
             Was a High Priest of Trog.
             Mangled by a komodo dragon (15 damage)
             ... on level 4 of the Lair of Beasts.
             The game lasted 00:44:15 (13320 turns).

Faca the Cleaver (Formicid Fighter)                Turns: 13320, Time: 00:44:15

Health: -6/101     AC: 21    Str: 24    XL:     13   Next: 18%
Magic:  13/13      EV:  9    Int:  8    God:    Trog [*****.]
Gold:   862        SH: 15    Dex: 14    Spells: 12/12 levels left

rFire  . . .     SeeInvis +     C - +0 battleaxe
rCold  + . .     Gourm    .     A - +0 plate armour
rNeg   . . .     Faith    +     f - +2 shield
rPois  .         Spirit   .     (helmet unavailable)
rElec  .         Reflect  .     k - +1 cloak
rCorr  .         Harm     .     w - +0 pair of gloves
MR     ++...                    u - +2 pair of boots
Stlth  ..........               G - amulet of faith
                                h - ring of protection from cold
                                e - +2 ring of strength

@: no status effects
A: permanent stasis, dig shafts and tunnels, four strong arms, antennae 3, magic
resistance 1
a: Dig, Shaft Self, Trog's Hand, Brothers in Arms, Burn Spellbooks, Renounce
Religion


You were on level 4 of the Lair of Beasts.
You worshipped Trog.
Trog was extremely pleased with you.
You were not hungry.

You visited 3 branches of the dungeon, and saw 16 of its levels.
You also visited: Sewer.

You collected 862 gold pieces.

Inventory:

Hand Weapons
 C - a +0 battleaxe (weapon)
 D - a +1 hand axe of flaming
 L - a +6 hunting sling of flaming
Missiles
 B - 6 silver javelins (quivered)
Armour
 f - a +2 shield (worn)
 k - a +1 cloak (worn)
 u - a +2 pair of boots (worn)
 w - a +0 pair of gloves (worn)
 A - a +0 plate armour (worn)
Jewellery
 e - a +2 ring of strength (left hand)
 h - a ring of protection from cold (right hand)
 p - an uncursed ring of flight
 G - an amulet of faith (around neck)
Wands
 s - a wand of iceblast (2/15)
 y - a wand of lightning (7/15)
 I - a wand of acid (4/15)
 K - a wand of acid (4/15)
Scrolls
 a - a scroll of enchant weapon
 i - 10 scrolls of remove curse
 q - 2 scrolls of magic mapping
 x - 4 scrolls of fear
 z - 3 scrolls of fog
 F - 2 scrolls of recharging
Potions
 c - 5 potions of lignification
 d - a potion of might
 g - 8 potions of curing
 m - 3 potions of agility
 n - 3 potions of brilliance
 o - a potion of invisibility
 r - 3 potions of magic
 H - a potion of cure mutation
Miscellaneous
 J - a box of beasts
Comestibles
 b - 11 royal jellies
 j - 2 bread rations
 t - 3 beef jerkies
 v - 12 fruits
 E - 3 meat rations


   Skills:
 + Level 9.3 Fighting
 + Level 13.9 Axes
 + Level 9.3 Armour
 + Level 3.1 Dodging
 + Level 12.6 Shields


You had 12 spell levels left.
You didn't know any spells.

Dungeon Overview and Level Annotations

Branches:
Dungeon (11/15)            Temple (1/1) D:5            Lair (4/6) D:10
  Swamp (0/4) Lair:4          Orc (0/2) D:9
  Snake: Lair:2-4    Spider: Lair:2-4

Altars:
Ashenzari
Cheibriados
Dithmenos
Elyvilon
Fedhas
Gozag
Hepliaklqana
Kikubaaqudgha
Makhleb
Nemelex Xobeh
Okawaru
Qazlal
Ru
Sif Muna
Trog
Uskayaw
Vehumet
Xom
Yredelemnul
Zin
The Shining One


Innate Abilities, Weirdness & Mutations

You cannot be hasted, slowed, berserked, paralysed or teleported.
You can dig through walls and to a lower floor.
Your four strong arms can wield two-handed weapons with a shield.
You have a pair of large antennae on your head. (SInv)
You are resistant to hostile enchantments. (MR+)


Message History

The komodo dragon is moderately wounded.
The komodo dragon bites you.
You barely miss the komodo dragon.
The komodo dragon is lightly wounded.
You block the komodo dragon's attack.
You hit the komodo dragon.
The komodo dragon is moderately wounded.
The komodo dragon bites you!
* * * LOW HITPOINT WARNING * * *
You block the komodo dragon's attack.
You slash the komodo dragon!
The komodo dragon is moderately wounded.
You hit the komodo dragon.
The komodo dragon is moderately wounded.
The komodo dragon bites you!
* * * LOW HITPOINT WARNING * * *
You slash the komodo dragon!
The komodo dragon is severely wounded.
The komodo dragon bites you!
You die...

##....##.#.##....#...# #.#..
#..[................P# #....
.#..................## ##...
.#.............>.....# #...
....................## ####
##..
..#...#..#P.#.......####..#
###
(##..##..P...............##
.##....PPP......l.........##
..........P.....@.........P#
...................>......##
.........##.............#P#
..##.#P.####.......#.#.####
.###.###.##.####..#####.# ##
### #### #### ##


You could see a komodo dragon.

Vanquished Creatures
  4 hydras
  A catoblepas (Lair:2)
  Erica (D:8)
  An unseen horror (D:9)
  An oklob plant (Lair:2)
  Joseph (D:8)
  3 black mambas
  3 spiny frogs
  A rime drake (Lair:2)
  2 komodo dragons
  A queen bee (Lair:1)
  2 jumping spiders (Lair:4)
  A hornet (D:9)
  6 hippogriffs
  2 dream sheep (D:8)
  4 redbacks (Lair:4)
  A wyvern (Lair:3)
  15 yaks
  Eustachio (D:5)
  A basilisk (D:10)
  A hungry ghost (D:9)
  Menkaure (D:5)
  Edmund (D:5)
  4 swamp worms (Lair:4)
  The ghost of brevous the Firebug, an amateur DEFE of Sif Muna (D:4)
  5 porcupines
  2 water moccasins (Lair:3)
  4 orc warriors
  An ice beast (D:6)
  2 black bears (D:6)
  A swamp drake (D:9)
  A sky beast (D:8)
  5 wolves (Lair:3)
  5 ogres
  A phantom (D:8)
  5 centaurs
  4 crocodiles
  3 big kobolds (D:8)
  11 bullfrogs
  5 scorpions
  19 killer bees (Lair:1)
  4 wights (D:9)
  2 electric eels (Lair:4)
  2 howler monkeys (D:9)
  A crimson imp (D:8)
  8 orc priests
  A bullfrog zombie (D:8)
  8 hounds
  3 jellies
  10 orc wizards
  2 bullfrog skeletons (D:5)
  A gnoll shaman (D:10)
  3 iguanas
  Natasha (thrice) (D:3)
  8 worker ants
  2 hound zombies
  3 hound skeletons
  A worker ant zombie (D:8)
  7 gnolls
  14 adders
  2 shadow imps
  2 adder skeletons
  7 worms
  A dart slug (D:3)
  5 leopard geckos
  32 orcs
  7 giant cockroaches
  A goblin (D:1)
  3 hobgoblins (D:2)
  20 jackals
  7 quokkas
  4 ball pythons
  5 bats
  5 frilled lizards
  A jackal skeleton (D:4)
  7 kobolds
  A leopard gecko zombie (D:6)
  8 rats
  3 fungi
  11 plants
349 creatures vanquished.

Vanquished Creatures (collateral kills)
  A crimson imp (D:8)
1 creature vanquished.

Vanquished Creatures (others)
  A sky beast (D:8)
  A fungus (Lair:4)
  A plant (Sewer)
3 creatures vanquished.

Grand Total: 353 creatures vanquished

Notes
Turn   | Place    | Note
-------+----------+-------------------------------------------
     0 | D:1      | Faca the Formicid Fighter began the quest for the Orb.
     0 | D:1      | Reached XP level 1. HP: 18/18 MP: 1/1
   232 | D:1      | Reached XP level 2. HP: 23/24 MP: 2/2
   436 | D:2      | Reached XP level 3. HP: 27/29 MP: 3/3
   850 | D:2      | Reached XP level 4. HP: 27/36 MP: 4/4
  1408 | D:3      | Found a glowing drain.
  1421 | Sewer    | Entered a sewer
  1433 | Sewer    | Reached skill level 3 in Axes
  1500 | Sewer    | Reached XP level 5. HP: 38/42 MP: 5/5
  2302 | D:3      | Noticed Natasha
  2307 | D:3      | Killed Natasha
  2342 | D:3      | Noticed Natasha
  2355 | D:3      | Killed Natasha
  2355 | D:3      | Reached skill level 5 in Shields
  2532 | D:3      | Noticed Natasha
  2548 | D:3      | Killed Natasha
  2548 | D:3      | Reached XP level 6. HP: 30/48 MP: 6/6
  2638 | D:3      | Reached skill level 4 in Axes
  2851 | D:3      | Found an ancient bone altar of Kikubaaqudgha.
  2988 | D:4      | Reached skill level 1 in Dodging
  2991 | D:4      | Reached XP level 7. HP: 29/54 MP: 7/7
  3158 | D:4      | Noticed brevous's ghost (amateur DEFE)
  3166 | D:4      | Killed brevous's ghost
  3166 | D:4      | Reached skill level 5 in Axes
  3457 | D:4      | Found a sacrificial altar of Ru.
  3743 | D:5      | Entered Level 5 of the Dungeon
  3743 | D:5      | Noticed Menkaure
  3760 | D:5      | Killed Menkaure
  3760 | D:5      | Reached XP level 8. HP: 46/61 MP: 8/8
  3843 | D:5      | Reached skill level 6 in Axes
  4033 | D:5      | Found a staircase to the Ecumenical Temple.
  4042 | Temple   | Entered the Ecumenical Temple
  4187 | Temple   | Became a worshipper of Trog the Wrathful
  4263 | D:5      | Reached skill level 5 in Fighting
  4499 | D:5      | Noticed Edmund
  4503 | D:5      | Noticed Eustachio
  4510 | D:5      | Found a shattered altar of Ashenzari.
  4517 | D:5      | Killed Edmund
  4517 | D:5      | Reached skill level 5 in Armour
  4578 | D:5      | Killed Eustachio
  5029 | D:6      | Reached skill level 7 in Axes
  5044 | D:6      | Reached XP level 9. HP: 47/68 MP: 9/9
  5255 | D:6      | HP: 1/69 [centaur (4)]
  5511 | D:6      | Reached * piety under Trog
  5929 | D:6      | Reached skill level 8 in Axes
  6332 | D:7      | Found an iron altar of Okawaru.
  6725 | D:8      | Noticed Erica
  6755 | D:8      | Killed Erica
  6755 | D:8      | Reached XP level 10. HP: 48/76 MP: 10/10
  6760 | D:8      | Reached skill level 9 in Axes
  6819 | D:8      | Noticed Joseph
  6846 | D:8      | Killed Joseph
  6910 | D:8      | Found a blossoming altar of Fedhas.
  7111 | D:8      | Reached ** piety under Trog
  7240 | D:8      | Reached skill level 10 in Axes
  7240 | D:8      | Reached skill level 10 in Shields
  7390 | D:8      | Noticed a three-headed hydra
  7396 | D:8      | Killed a one-headed hydra
  7396 | D:8      | Reached XP level 11. HP: 79/83 MP: 11/11
  7852 | D:9      | Reached *** piety under Trog
  7871 | D:9      | Noticed an unseen horror
  7882 | D:9      | Reached skill level 11 in Axes
  7902 | D:9      | Killed an unseen horror
  8044 | D:9      | Found a staircase to the Orcish Mines.
  8520 | D:10     | Entered Level 10 of the Dungeon
  8520 | D:10     | Found a staircase to the Lair.
  8925 | D:10     | Reached **** piety under Trog
  9280 | D:11     | Noticed an unseen horror
  9280 | D:11     | Noticed a brown ugly thing
  9280 | D:11     | Noticed a hill giant
  9313 | Lair:1   | Entered Level 1 of the Lair of Beasts
  9485 | Lair:1   | Reached skill level 12 in Axes
  9945 | Lair:1   | Reached XP level 12. HP: 92/92 MP: 12/12
  9982 | Lair:1   | Gained mutation: You are resistant to hostile enchantments. (MR+) [potion of beneficial mutation]
 10674 | Lair:2   | Noticed a catoblepas
 10708 | Lair:2   | Killed a catoblepas
 11127 | Lair:2   | Reached skill level 13 in Axes
 11594 | Lair:3   | Received a gift from Trog
 11863 | Lair:3   | Noticed a five-headed hydra
 11871 | Lair:3   | Killed a one-headed hydra
 12313 | Lair:3   | Noticed a five-headed hydra
 12322 | Lair:3   | Killed a one-headed hydra
 12588 | Lair:4   | Noticed an eight-headed hydra
 12603 | Lair:4   | Killed a one-headed hydra
 12603 | Lair:4   | Reached XP level 13. HP: 62/101 MP: 13/13
 12865 | Lair:4   | Reached ***** piety under Trog
 13065 | Lair:4   | Found a staircase to the Swamp.
 13242 | Lair:4   | Received a gift from Trog
 13320 | Lair:4   | Mangled by a komodo dragon

Vault maps used:
D:1:      roderic_chinese_lattice_arrival
D:2:      first_bread
D:3:      marbit_many_paths, gup_sewer_entry_bubbles, minmay_item_behind_shaft,
          uniq_natasha
D:4:      nicolae_ru_sacrificial_ziggurat
D:5:      chequers_big_river, grunt_decor_mini_mirrors,
          cheibrodos_ashenzari_chains, uniq_eustachio, uniq_menkaure,
          uniq_edmund
D:7:      okawaru_gym_becter
D:8:      lemuel_crystal_altar, hangedman_ranch, uniq_erica, uniq_joseph
D:9:      erik_orc_1
D:10:     david_lair_generic
D:11:     uniq_nergalle
Temple:   regret_index_temple_mists
Lair:1:   special_room
Lair:2:   serial_bayou_shore_a, minmay_lair_oklob_chamber
Lair:3:   special_room
Lair:4:   nicolae_swamp_entry_splash_gauntlet,
          nicolae_spider_entry_tight_spaces, grunt_megastairs_3,
          serial_bayou_shore_b, infiniplex_staircase_pool
Sewer:    sewer_co_scattered_pipes

Skill      XL: |  1  2  3  4  5  6  7  8  9 10 11 12 |
---------------+-------------------------------------+-----
Shields        | 4 5 6 8 10 11 12 | 12.6
Axes           | 3 4 5 7 8 10 12 13 | 13.9
Armour         | 4 5 6 7 8 9 |  9.3
Fighting       | 4 5 6 7 9 |  9.3
Dodging        | 1 2 3 |  3.1

Action                   |  1- 3 |  4- 6 |  7- 9 | 10-12 | 13-15 || total
-------------------------+-------+-------+-------+-------+-------++-------
Melee: War axe           |   121 |   349 |   259 |       |       ||   729
       Battleaxe         |       |       |    54 |   700 |    95 ||   849
       Hand axe          |       |       |       |    37 |       ||    37
Invok: Burn Spellbooks   |       |       |       |     1 |       ||     1
 Abil: Dig               |       |       |       |     1 |       ||     1
  Use: Scroll            |     3 |     3 |     6 |    10 |     1 ||    23
       Potion            |       |       |     5 |     4 |     3 ||    12
 Stab: Confused          |       |       |       |     1 |       ||     1
  Eat: Bread ration      |       |     2 |     1 |       |       ||     3
       Chunk             |       |     2 |       |     1 |       ||     3
       Beef jerky        |       |     1 |     1 |     4 |       ||     6
       Royal jelly       |       |       |     1 |       |       ||     1
       Pizza             |       |       |     2 |     8 |       ||    10
       Fruit             |       |       |       |     7 |       ||     7
Armor: Scale mail        |    67 |   101 |   117 |       |       ||   285
       Plate armour      |       |       |    30 |   356 |    42 ||   428
Dodge: Dodged            |    51 |    95 |   125 |   193 |    38 ||   502
Block: Shield            |    76 |   125 |   296 |   590 |    81 ||  1168
